 Dungeon Crawl Stone Soup version 0.18.1-48-g4cf74bf (webtiles) character file.

28 Gargoyl the Skirmisher (level 3, -2/29 HPs)
             Began as a Demonspawn Abyssal Knight on July 20, 2016.
             Was a Follower of Lugonu.
             Slain by a gnoll
             ... wielding a +0 flail
              (5 damage)
             ... on level 2 of the Dungeon.
             The game lasted 00:02:04 (1323 turns).

Gargoyl the Skirmisher (Demonspawn Abyssal Knight)  Turns: 1323, Time: 00:02:05

Health: -2/29      AC:  9    Str: 13    XL:     3   Next: 0%
Magic:  4/4        EV:  6    Int: 13    God:    Lugonu [*.....]
Gold:   84         SH:  0    Dex: 12    Spells: 0 memorised, 2 levels left

rFire  . . .     SeeInvis .     a - +1 hand axe
rCold  . . .     Gourm    .     n - +0 chain mail
rNeg   . . .     Faith    .     (no shield)
rPois  .         Spirit   .     (no helmet)
rElec  .         Dismiss  .     d - +0 cloak
rCorr  .         Reflect  .     (no gloves)
SustAt .         Harm     .     (no boots)
MR     .....                    (no amulet)
Stlth  ..........               (no ring)
                                (no ring)

@: not resistant to hostile enchantments, extremely unstealthy
A: hooves 2
a: Depart the Abyss, Renounce Religion


You were on level 2 of the Dungeon.
You worshipped Lugonu.
Lugonu was aware of your devotion.
You were hungry.

You visited 1 branch of the dungeon, and saw 2 of its levels.
You visited the Abyss 1 time.

You collected 84 gold pieces.

Inventory:

Hand Weapons
 a - a +1 hand axe (weapon)
Missiles
 j - 2 tomahawks (quivered)
Armour
 d - a +0 cloak (worn)
 n - a +0 chain mail (worn)
Scrolls
 e - 8 scrolls of identify {unknown}
 f - a scroll of noise {unknown}
 i - a scroll of amnesia {unknown}
Potions
 g - a potion of invisibility {unknown}
 l - a potion of brilliance {unknown}
 m - a potion of degeneration {unknown}
Comestibles
 c - a bread ration
 h - a slice of pizza
 k - a meat ration


   Skills:
 + Level 3.3 Fighting
 + Level 2.1 Axes
 * Level 2.1 Armour
 + Level 1.5 Dodging
 + Level 2.6 Invocations


You had 2 spell levels left.
You didn't know any spells.

Dungeon Overview and Level Annotations

Branches:
Dungeon (2/15)

Altars:


Innate Abilities, Weirdness & Mutations

You have hoof-like feet.


Message History

Your chain mail prevents you from hitting the gnoll.
You kick the gnoll, but do no damage.
The gnoll is almost dead.
Your chain mail prevents you from hitting the gnoll.
The gnoll is heavily wounded.
Your chain mail prevents you from hitting the gnoll.
The gnoll is almost dead.
The gnoll hits you.
* * * LOW HITPOINT WARNING * * *
The gnoll hits you but does no damage. The gnoll barely misses you.
You closely miss the gnoll.
The gnoll is almost dead.
You closely miss the gnoll.
The gnoll is heavily wounded.
You barely miss the gnoll.
The gnoll is almost dead.
The gnoll hits you.
* * * LOW HITPOINT WARNING * * *
The gnoll hits you but does no damage. The gnoll hits you with a flail.
You die...

#########
#........
######.#......
##..........(##
####..gg.....#....
#.....@...(.....#
#.##.g####(####.#
#.. #.# #..####.#
...?...<#
##..###...>.....
... #..###..## ...
#..# # #..#


You could see 3 gnolls.

Vanquished Creatures
  A giant gecko (D:1)
  2 giant cockroaches (D:1)
  4 goblins (D:1)
  4 hobgoblins (D:1)
  5 kobolds
  4 bats (D:1)
  A giant newt (D:1)
  5 rats
26 creatures vanquished.

Notes
Turn   | Place    | Note
--------------------------------------------------------------
     0 | Abyss:1  | Gargoyl the Demonspawn Abyssal Knight began the quest for the Orb.
     0 | Abyss:1  | Reached XP level 1. HP: 18/18 MP: 2/2
     3 | Abyss:1  | Found a corrupted altar of Lugonu.
    25 | Abyss:1  | Found a shattered altar of Ashenzari.
    63 | Abyss:1  | Found a corrupted altar of Lugonu.
    78 | Abyss:1  | Found a corrupted altar of Lugonu.
   136 | Abyss:1  | Noticed a small abomination
   137 | Abyss:1  | Found a shattered altar of Ashenzari.
   142 | Abyss:1  | Found a corrupted altar of Lugonu.
   171 | Abyss:1  | Found a sparkling altar of Nemelex Xobeh.
   219 | Abyss:1  | Noticed a neqoxec
   219 | D:1      | Escaped the Abyss
   245 | D:1      | Reached skill level 1 in Dodging
   273 | D:1      | Reached * piety under Lugonu
   488 | D:1      | Gained mutation: You have large cloven feet. [demonic ancestry]
   488 | D:1      | Reached XP level 2. HP: 24/24 MP: 3/3
  1312 | D:2      | Gained mutation: You have hoof-like feet. [demonic ancestry]
  1312 | D:2      | Reached XP level 3. HP: 29/29 MP: 4/4
  1323 | D:2      | Slain by a gnoll

Skill      XL: |  1  2 |
---------------+-------+-----
Dodging        | 1 |  1.5
Armour         | 2 |  2.1
Axes           | 2 |  2.1
Fighting       | |  3.3
Invocations    | |  2.6

Action                   || total
-------------------------++-------
Melee: Hand axe          ||    70
       Kick              ||     9
Invok: Depart the Abyss  ||     1
  Eat: Chunk             ||     1
Armor: Leather armour    ||    16
       Chain mail        ||    18
Dodge: Dodged            ||    62
